 Dungeon Crawl Stone Soup version 0.31-a0-836-g3ceb0a68c4 (webtiles) character file.

Game seed: 15919151426086317547

54 demibob the Ruffian (level 3, -2/31 HPs)
             Began as a Draconian Chaos Knight on Sept 27, 2023.
             Was a Plaything of Xom.
             Killed by nerve-wracking pain
             ... invoked by an orc priest
              (14 damage)
             ... on level 3 of the Dungeon.
             The game lasted 00:02:17 (2666 turns).

demibob the Ruffian (Draconian Chaos Knight)        Turns: 2666, Time: 00:02:20

Health: -2/31      AC: 10    Str: 14    XL:     3   Next: 66%
Magic:  3/3        EV: 12    Int: 12    God:    Xom [..*...]
Gold:   815        SH:  0    Dex: 12    Spells: 2/2 levels left

rFire   . .          .
                       - Unarmed
rCold   . . .        (no shield)
rNeg    . . .        (body armour unavailable)
rPois   .            (helmet restricted)
rElec   .            d - +0 cloak
rCorr   .            (no gloves)
SInv    .            (no boots)
Will    .....        (no amulet)
Stlth   +            L - ring of flight
HPRegen 0.25/turn    T - +4 ring of protection
MPRegen 0.08/turn

%: no passive effects
@: flying
A: AC +5, unfitting armour, cold-blooded, beak, hooves 1, MP-powered wands
a: Renounce Religion


You were on level 3 of the Dungeon.
You worshipped Xom.
You were a toy of Xom.
You visited 1 branch of the dungeon, and saw 3 of its levels.

You collected 815 gold pieces.


Innate Abilities, Weirdness & Mutations

Your plain brown scales are hard. (AC +5)
You cannot fit into any form of body armour.
You are cold-blooded and may be slowed by cold attacks.
You have a beak for a mouth.
You have large cloven feet.
You expend magic power (3 MP) to strengthen your wands.


   Skills:
 - Level 3.2 Fighting
 - Level 2.1 Dodging
 + Level 4.7 Unarmed Combat


You had 2 spell levels left.
You didn't know any spells.
Your spell library contained the following spells:

 Spells                   Type           Power      Damage    Failure   Level
 Blink                    Tloc           0%         N/A       45%         2
 Lesser Beckoning         Tloc           0%         N/A       45%         2
 Momentum Strike          Conj/Tloc      0%         3d8       45%         2
 Gell's Gravitas          Tloc           0%         N/A       69%         3
 Teleport Other           Tloc           0%         N/A       69%         3
 Iskenderun's Mystic Bla  Conj/Tloc      0%         2d3       97%         4

Inventory:

Armour
 d - a +0 cloak (worn)
Jewellery
 I - a +6 ring of intelligence
 L - a ring of flight (left hand)
 T - a +4 ring of protection (right hand)
Scrolls
 a - a scroll of butterflies
 b - a scroll of fog {unknown}
 h - a scroll of blinking {unknown}
Potions
 c - a potion of lignification
 f - a potion of ambrosia {unknown}
 g - a potion of invisibility {unknown}
 i - a potion of enlightenment {unknown}

Dungeon Overview and Level Annotations

Branches:
Dungeon (3/15)

Altars:

#..##..# #.#
#......###.#
##.........#
#####.####### #+##
#.# ##o$.# ##...##
### #.# #$8$8.###
##.....## ##.###.#
#⚑o$o.oo##
##.......##
#...##.###
#{o####.........#
.........#
##@o...'.........+
#...##.###
###...####.........#
##.###.# ##.....##
##.......# ##....#
#.......# ##.....##
#.#### #.......#
####...### #.#
#..[....###........#
#.#
##..........###.##.#
#.# ##....####.# #.#
.# #.#
##.#.####.###.##.###


You could see an orc priest, 2 orc wizards and an orc.


Message History

You hear some strange, mumbled words.
A puff of flame appears from out of thin air!
The puff of flame hits you!
The orc wizard hits you but does no damage.
You barely miss the orc wizard.
The orc wizard is severely wounded.
The orc priest closely misses you. Something hits you.
The orc wizard closely misses you.
Unknown command.
You hit the orc wizard.
Your tail-slap misses the orc wizard.
The orc wizard is severely wounded.
An orc wizard comes into view. It is wielding a +0 dagger.
The orc priest hits you with a +0 morningstar.
* * * LOW HITPOINT WARNING * * *
The orc wizard misses you. Something hits you.
* * * LOW HITPOINT WARNING * * *
It was a potion of mutation.
You feel extremely strange.
Your feet thicken and deform.
Xom is mildly amused.
You feel your magical essence link to the dungeon's wands.
Your mouth lengthens and hardens into a beak!
Xom thinks this is hilarious!
The orc wizard shouts!
The orc wizard hits you with a +0 dagger.
* * * LOW HITPOINT WARNING * * *
Something hits you but does no damage.
The orc priest mumbles some strange prayers to Beogh against you.
Pain shoots through your body!
You die...
Xom bursts into laughter!

Skill      XL: |  1  2 |
---------------+-------+-----
Unarmed Combat | 4 |  4.7
Fighting       | |  3.2
Dodging        | |  2.1

Action                     || total
---------------------------++-------
  Melee: Unarmed           ||   103
         Tailslap          ||     6
         Punch             ||     1
    Use: Scroll            ||     6
         Potion            ||     1
   Stab: Sleeping          ||     4
 Armour: Skin              ||    47
  Dodge: Dodged            ||    54

Levels and vault maps discovered:
D:1:      matt_arrival_los_fun, layout_basic, serial_bayou,
          serial_bayou_shore_a, serial_bayou_lake_a, serial_bayou_pond_e,
          serial_bayou_pond_e
D:2:      layout_loops_corners, nicolae_houndstooth_variations
D:3:      layout_loops_corners, kennysheep_orc_chapel

Notes
Turn   | Place    | Note
-------+----------+-------------------------------------------
     0 | D:1      | demibob the Draconian Chaos Knight began the quest for the
                  | Orb.
     0 | D:1      | Reached XP level 1. HP: 19/19 MP: 1/1
   517 | D:1      | XOM: silly message
   545 | D:1      | Reached XP level 2. HP: 20/26 MP: 2/2
   635 | D:1      | XOM: divination: detect items
   886 | D:1      | Identified a scroll of acquirement
   886 | D:1      | Acquired 704 gold pieces
   968 | D:2      | Got a murmuring book
  1045 | D:2      | XOM: silly message
  1121 | D:2      | XOM: 4-stop teleportation journey
  1123 | D:2      | XOM: silly message
  1153 | D:2      | Reached skill level 4 in Unarmed Combat
  1407 | D:2      | Reached XP level 3. HP: 31/31 MP: 3/3
  1432 | D:2      | XOM is BORED!
  1432 | D:2      | XOM: silly message
  2052 | D:3      | XOM: divination: detect creatures
  2515 | D:3      | XOM: 2-stop teleportation journey
  2666 | D:3      | Gained mutation: You have large cloven feet. [potion of
                  | mutation]
  2666 | D:3      | Gained mutation: You expend magic power (3 MP) to
                  | strengthen your wands. [potion of mutation]
  2666 | D:3      | Gained mutation: You have a beak for a mouth. [potion of
                  | mutation]
  2666 | D:3      | Killed from afar by an orc priest

Vanquished Creatures
  2 adders (D:3)
  A worm (D:2)
  A dart slug (D:2)
  4 endoplasms
  A giant cockroach (D:2)
  2 hobgoblins (D:2)
  3 kobolds
  3 quokkas
  4 ball pythons
  A bat (D:2)
  5 goblins
  4 rats
31 creatures vanquished.

Table legend: (Time is in decaauts)
 A = Elapsed time spent in this place.
 B = Non-inter-level travel time spent in this place.
 C = Inter-level travel time spent in this place.
 D = Time resting spent in this place.
 E = Time spent auto-exploring this place.
 F = Levels seen in this place.
 G = Mean time per level.
                   A        B        C        D        E       F      G
               +--------+--------+--------+--------+--------+-----+--------+
         Total |   2703 |   2625 |     78 |     35 |   2308 |   3 |  901.0 |
       Dungeon |   2703 |   2625 |     78 |     35 |   2308 |   3 |  901.0 |
               +--------+--------+--------+--------+--------+-----+--------+

Top non-repeatable levels by time:
     D:2: 1034 daAuts
     D:1: 967 daAuts
     D:3: 702 daAuts

Table legend:
 A = Non-vault XP
 B = Vault XP
 C = Vault XP percentage of total XP
 D = Non-vault monster count
 E = Vault monster count
 F = Vault count percentage of total count
                 A         B        C        D         E       F
            +---------+---------+-------+---------+---------+-------
      Total |      78 |       0 |   0.0 |      31 |       0 |   0.0
            +---------+---------+-------+---------+---------+-------
        D:1 |      14 |       0 |   0.0 |       9 |       0 |   0.0
        D:2 |      31 |       0 |   0.0 |      16 |       0 |   0.0
        D:3 |      33 |       0 |   0.0 |       6 |       0 |   0.0
            +---------+---------+-------+---------+---------+-------
